Map: Thunderbird LE

Players

Serral - Winner!

  • Race: Zerg Zerg
  • Spawn Location: 5:00

Hellraiser

  • Race: Protoss Protoss
  • Spawn Location: 11:00

VOD

Have the link to the VOD?

Description

Time

  • Played on: Sept. 6, 2019, 7:20 p.m.
  • Length: 6:52
Show
View Real Time Build Order
Export as new Build Order

Serral Zerg - Winner!

Build Orders: Hatch First 

Get SALT Encoding   

  12  0:00  Drone  
  13  0:12  Overlord  
  13  0:16  Drone  
  14  0:30  Drone  
  14  0:31  Drone  
  16  0:47  Hatchery  
  15  0:50  Drone  
  15  0:54  Drone  
  18  0:57  Drone  
  18  1:07  Extractor  
  17  1:12  Spawning Pool  
  17  1:16  Drone  
  17  1:19  Drone  
  18  1:29  Drone  
  19  1:38  Drone  
  20  1:50  Overlord  
  20  1:59  Queen  
  20  2:00  Zergling x2, Queen  
  20  2:01  Zergling x2  
  26  2:11  Drone  
  26  2:12  Drone  
  28  2:22  Drone x2  
  30  2:33  Hatchery  
  30  2:35  Drone, Pneumatized Carapace  
  30  2:44  Queen  
  30  2:48  Overlord  
  30  2:50  Drone  
  33  2:52  Drone  
  33  2:55  Drone  
  33  2:58  Drone  
  36  3:01  Metabolic Boost  
  36  3:08  Drone  
  36  3:11  Drone x2  
  36  3:12  Drone  
  39  3:15  Overlord  
  39  3:18  Drone  
  40  3:31  Overlord  
  40  3:33  Drone x2  
  42  3:37  Roach Warren  
  42  3:38  Drone x2  
  42  3:40  Drone x2  
  45  3:44  Queen  
  47  3:48  Overlord  
  47  3:53  Drone x2  
  49  3:56  Drone x2  
  49  3:57  Drone  
  52  4:03  Overlord  
  52  4:09  Lair  
  52  4:11  Extractor  
  51  4:18  Roach x3  
  51  4:22  Roach  
  51  4:23  Zergling x10  
  64  4:27  Queen  
  64  4:30  Overlord  
  66  4:32  Zergling x4  
  66  4:36  Zergling x6  
  71  4:44  Drone  
  71  4:45  Drone x2  
  73  4:47  Overlord  
  73  4:48  Drone x2  
  73  4:49  Drone  
  76  4:57  Drone x4  
  79  5:02  Spore Crawler  
  79  5:04  Drone  
  78  5:07  Drone x3  
  78  5:13  Spore Crawler  
  78  5:14  Spore Crawler  
  78  5:18  Queen x2  
  78  5:20  Queen  
  84  5:21  Overseer  
  84  5:29  Overlord  
  84  5:32  Extractor  
  84  5:33  Roach x3  
  89  5:40  Overlord, Nydus Network  
  89  5:41  Spore Crawler  
  87  5:44  Overlord  
  87  5:46  Overlord  
  88  5:53  Queen x2  
  88  5:56  Queen  
  94  6:01  Overlord  
  94  6:04  Zergling x12  
  99  6:10  Zergling x12  
  105  6:17  Nydus Canal  
  105  6:19  Zergling x4  
  105  6:25  Zergling x6  
  105  6:34  Zergling x12  
  111  6:48  Nydus Canal  
Show
View Real Time Build Order
Export as new Build Order

Hellraiser Protoss 

Build Orders: 1 Gate Expand, Mass Phoenix 

Get SALT Encoding   

  12  0:00  Probe  
  13  0:12  Probe  
  14  0:19  Pylon  
  14  0:23  Probe  
  15  0:33  Probe  
  15  0:38  Gateway  
  15  0:42  Probe  
  16  0:47  Assimilator  
  17  0:54  Probe  
  18  1:06  Probe  
  19  1:20  Nexus  
  19  1:24  Probe  
  20  1:35  Cybernetics Core  
  20  1:37  Probe  
  21  1:43  Assimilator  
  21  1:49  Probe  
  21  1:52  Pylon  
  22  2:01  Probe, Adept  
  23  2:12  Warp Gate  
  23  2:13  Probe  
  26  2:24  Stalker  
  26  2:25  Probe  
  26  2:28  Probe  
  26  2:29  Twilight Council  
  27  2:36  Probe  
  30  2:37  Probe  
  32  2:46  Probe  
  32  2:49  Probe  
  34  2:54  Adept  
  36  2:58  Probe  
  36  2:59  Resonating Glaives  
  36  3:02  Probe  
  36  3:03  Gateway  
  38  3:12  Probe  
  39  3:13  Gateway  
  39  3:18  Probe  
  40  3:24  Probe  
  40  3:26  Pylon, Adept  
  42  3:30  Probe  
  42  3:32  Probe  
  45  3:42  Probe  
  45  3:43  Probe  
  45  3:45  Assimilator  
  45  3:47  Assimilator  
  47  3:54  Probe  
  47  3:55  Stargate  
  49  4:00  Stargate, Pylon  
  49  4:07  Adept  
  49  4:08  Adept  
  52  4:11  Adept  
  54  4:17  Pylon  
  54  4:18  Probe x2  
  56  4:30  Probe x2  
  58  4:34  Adept  
  58  4:36  Protoss Air Weapons Level 1  
  60  4:39  Phoenix  
  60  4:41  Phoenix  
  60  4:42  Probe x2  
  64  4:54  Probe  
  65  5:01  Probe  
  65  5:02  Phoenix, Nexus  
  65  5:06  Phoenix  
  64  5:11  Probe  
  61  5:17  Adept  
  64  5:23  Probe  
  64  5:24  Phoenix  
  64  5:26  Pylon  
  64  5:27  Phoenix  
  66  5:32  Probe  
  66  5:35  Probe  
  70  5:39  Pylon  
  70  5:40  Phoenix  
  70  5:44  Probe  
  70  5:48  Adept  
  75  5:52  Phoenix  
  75  5:55  Probe  
  78  6:02  Probe  
  79  6:05  Phoenix, Robotics Facility  
  79  6:09  Forge  
  81  6:12  Pylon, Probe  
  81  6:15  Robotics Facility  
  84  6:21  Phoenix  
  84  6:25  Adept x2  
  84  6:27  Adept  
  84  6:32  Probe x2  
  92  6:37  Probe  
  71  6:47  Adept  
  71  6:48  Zealot  
Tags
 
Add a new tag
Caveats
  • Supply blocks, unpowered buildings, or Contaminate may cause inaccurate times.
  • Supply counts are checked every 10 seconds.